 Dungeon Crawl Stone Soup version 0.30.1-9-gdf580d7c3d (webtiles) character file.

Game seed: 9517769466819733694

1174 lonewolfV2 the Chopper (level 8, -2/62 HPs)
             Began as a Formicid Fighter on Oct 11, 2023.
             Slain by a scorpion (4 damage)
             ... on level 6 of the Dungeon.
             The game lasted 00:07:55 (5229 turns).

lonewolfV2 the Chopper (Formicid Fighter)           Turns: 5229, Time: 00:07:56

Health: -2/62      AC:  7    Str: 20    XL:     8   Next: 68%
Magic:  8/8        EV: 10    Int:  9    God:
Gold:   290        SH:  6    Dex: 15    Spells: 7/7 levels left

rFire   . . .        a - +1 war axe
rCold   . . .        c - +1 buckler
rNeg    . . .        b - +0 scale mail
rPois   +            (helmet unavailable)
rElec   .            (no cloak)
rCorr   .            (no gloves)
SInv    +            (no boots)
Will    .....        A - amulet of regeneration Stlth
                     g - ring of poison resistance
HPRegen 1.10/turn    f - +4 ring of slaying
MPRegen 0.11/turn

%: no passive effects
@: lethally poisoned (-2 -> -3)
A: permanent stasis, dig shafts and tunnels, antennae 3, four strong arms
a: Dig, Shaft Self


You were on level 6 of the Dungeon.
You visited 1 branch of the dungeon, and saw 6 of its levels.
You also visited: Sewer.

You collected 290 gold pieces.

Inventory:

Hand Weapons
 a - a +1 war axe (weapon)
Armour
 b - a +0 scale mail (worn)
 c - a +1 buckler (worn)
Jewellery
 f - a +4 ring of slaying (right hand)
 g - a ring of poison resistance (left hand)
 q - a ring of ice
 A - an amulet of regeneration (around neck)
Wands
 d - a wand of roots (4)
 v - a wand of mindburst (9)
 y - a wand of charming (6)
Scrolls
 h - 2 scrolls of amnesia
 i - 4 scrolls of teleportation
 m - 4 scrolls of enchant weapon
 n - 2 scrolls of summoning
 t - a scroll of fog
Potions
 j - a potion of ambrosia {unknown}
 k - a potion of resistance {unknown}
 l - 4 potions of haste
 o - a potion of heal wounds
 p - a potion of brilliance {unknown}
 r - a potion of flight {unknown}
 s - a potion of mutation {unknown}
 u - 2 potions of lignification {unknown}
 w - 2 potions of attraction {unknown}
 z - a potion of cancellation {unknown}


   Skills:
 + Level 5.1 Fighting
 + Level 6.7 Axes
 + Level 6.2 Armour
 + Level 1.5 Dodging
 + Level 0.8 Stealth
 + Level 6.0 Shields


You had 7 spell levels left.
You didn't know any spells.
Your spell library contained the following spells:

 Spells                   Type           Power      Damage    Failure   Level
 Cigotuvi's Dreadful Rot  Necr/Pois/Air  0%         N/A       89%         2
 Ignite Poison            Fire/Tmut/Pois 0%         N/A       98%         3
 Freezing Cloud           Conj/Ice/Air   0%         6-21      100%        5


Dungeon Overview and Level Annotations

Branches:
Dungeon (6/15)             Temple (0/1) D:5           Sewer (visited)

Altars:
Dithmenos
Kikubaaqudgha
Nemelex Xobeh
Vehumet
Wu Jian
Yredelemnul

Shops:
D:1 *   D:4 (   D:5 *

Annotations:
D:5 3 runed translucent doors, Zonian's ghost, novice DEIE


Innate Abilities, Weirdness & Mutations

You cannot be hasted, slowed, berserked, paralysed or teleported.
You can dig through walls and to a lower floor.
You have a pair of large antennae on your head. (SInv)
Your four strong arms can wield two-handed weapons with a shield.


Message History

An orc warrior comes into view. It is wielding a +2 heavy glaive.
Unknown command.
The orc closely misses you.
Items here: )) [ †.
The orc attacks as you move away! The orc barely misses you.
The orc hits you with a +0 whip.
The orc warrior hits you from afar with a +2 heavy glaive!!
A scorpion comes into view.
The orc hits you with a +0 whip. You block the orc warrior's attack.
An orc comes into view. It is wielding a +0 falchion.
The orc shouts!
You slash the orc!
You kill the orc!
You hear a shout!
The orc warrior barely misses you.
The orc warrior hits you with a +2 heavy glaive!!
The scorpion stings you.
* * * LOW HITPOINT WARNING * * *
Things that are here:
a +0 whip; an orc corpse You feel better.
The orc warrior closely misses you. The scorpion stings you.
You feel better. The scorpion stings you.
The orc warrior hits you from afar with a +2 heavy glaive.
You hit the scorpion but do no damage.
The scorpion stings you but does no damage. x2
The orc warrior closely misses you.
You hit the scorpion but do no damage. The scorpion stings you.
You are poisoned.
The scorpion poisons you!
You completely miss the scorpion.
You feel very sick. The orc warrior completely misses you.
The scorpion stings you.
An ufetubus comes into view.
You closely miss the scorpion.
You feel sick.
The ufetubus shouts!
The scorpion stings you but does no damage.
The orc warrior hits you from afar with a +2 heavy glaive!
* * * LOW HITPOINT WARNING * * *
The scorpion stings you.
You die...

### ..# #.# #.# #####
#.###...## #@##.....##
###s#.......#
#)oo........######
#......#...........<#
#...##.#.##.....#####.#
# ##. #.#.###....#
#.##. # ...5######.#
#.#.. .!.......##.#
#....
###.#####.##.######...


You could see an orc warrior, a scorpion, an orc and an ufetubus.

Vanquished Creatures
  Sigmund (D:2)
  Eustachio (D:4)
  Menkaure (D:5)
  A kobold brigand (D:3)
  A scorpion (D:4)
  A water moccasin zombie (D:5)
  2 orc priests (D:4)
  A hound (D:5)
  Terence (D:3)
  A sleepcap (D:5)
  A scorpion zombie (D:5)
  An iguana (D:4)
  An orc wizard (D:5)
  Robin (D:2)
  5 river rats
  12 adders
  A white imp (D:5)
  An ufetubus (D:4)
  6 worms
  3 dart slugs
  23 orcs
  2 endoplasms
  4 giant cockroaches
  17 goblins
  10 hobgoblins
  2 jackals (Sewer)
  11 kobolds
  2 quokkas
  11 ball pythons
  5 bats
  7 frilled lizards
  10 rats
147 creatures vanquished.

Vanquished Creatures (others)
  A human (D:5)
1 creature vanquished.

Grand Total: 148 creatures vanquished

Notes
Turn   | Place    | Note
-------+----------+-------------------------------------------
     0 | D:1      | lonewolfV2 the Formicid Fighter began the quest for the
                  | Orb.
     0 | D:1      | Reached XP level 1. HP: 18/18 MP: 1/1
   194 | D:1      | Reached XP level 2. HP: 24/24 MP: 2/2
   258 | D:1      | Found Abboushri's Assorted Antiques.
   516 | D:1      | Found a faded altar of an unknown god.
   865 | D:2      | Noticed Sigmund
   876 | D:2      | Killed Sigmund
   877 | D:2      | Reached skill level 5 in Shields
   877 | D:2      | Reached XP level 3. HP: 18/30 MP: 3/3
   877 | D:2      | Reached XP level 4. HP: 22/37 MP: 4/4
   877 | D:2      | Reached XP level 5. HP: 25/42 MP: 5/5
  1104 | D:2      | Reached XP level 6. HP: 48/48 MP: 6/6
  1223 | D:2      | Noticed Robin
  1240 | D:2      | Killed Robin
  2033 | D:3      | Found a radiant altar of Vehumet.
  2062 | D:3      | Noticed Terence
  2069 | D:3      | Killed Terence
  2190 | D:3      | Reached skill level 5 in Armour
  2492 | D:3      | Reached XP level 7. HP: 54/54 MP: 7/7
  2518 | D:3      | Reached skill level 1 in Dodging
  2689 | D:4      | Found a glowing drain.
  2696 | Sewer    | Entered a sewer
  3585 | D:4      | Found Vuxyo's Weapon Shoppe.
  3601 | D:4      | Reached skill level 5 in Axes
  3813 | D:4      | Found a shadowy altar of Dithmenos.
  3814 | D:4      | Found a sparkling altar of Nemelex Xobeh.
  3938 | D:4      | Noticed Eustachio
  3960 | D:4      | Reached XP level 8. HP: 33/61 MP: 8/8
  3999 | D:4      | Killed Eustachio
  4471 | D:5      | Entered Level 5 of the Dungeon
  4474 | D:5      | Found an ornate altar of the Wu Jian Council.
  4541 | D:5      | Found a runed translucent gate.
  4541 | D:5      | Found a runed translucent gate.
  4541 | D:5      | Found a runed translucent gate.
  4541 | D:5      | Noticed Zonian's ghost (novice DEIE)
  4543 | D:5      | Found a basalt altar of Yredelemnul.
  4712 | D:5      | Found Govosm's Gadget Gallery.
  4798 | D:5      | Found an ancient bone altar of Kikubaaqudgha.
  4798 | D:5      | Noticed a human
  4803 | D:5      | Killed a human
  4859 | D:5      | Noticed Menkaure
  4869 | D:5      | Killed Menkaure
  4870 | D:5      | Reached skill level 5 in Fighting
  5032 | D:5      | Found a staircase to the Ecumenical Temple.
  5229 | D:6      | HP: 2/62 [orc warrior/+2 heavy glaive (17)]
  5229 | D:6      | Slain by a scorpion

Illustrated notes

Levels and vault maps discovered:
D:1:      elethiomel_arrival_shortcut, layout_basic,
          hellmonk_ecumenical_altar_leap_of_faith, serial_shops,
          nicolae_shop_temple_entry_statues_fountains, minmay_misc_feat_cross,
          minivault_11
D:2:      minmay_chambers_of_twos, layout_loops_cross, uniq_sigmund, uniq_robin
D:3:      minmay_diamond_boxcup, layout_rooms, vehumet_crystals, uniq_terence
D:4:      layout_loops_ring, grunt_dithmenos_smoke,
          mainiacjoe_overflow_cross_hatched, portal_sewer_entry_e, serial_shops,
          shop, kennysheep_generic_room_2, uniq_eustachio
D:5:      layout_basic, tgw_kikubaaqudgha, nicolae_wu_jian_wuxing_cycle,
          nicolae_yredelemnul_ghost_church, minmay_temple_entry_statues_pillars,
          solitary_fountain, nicolae_shop_gadgets, uniq_menkaure
D:6:      layout_loops_ring, mainiacjoe_overflow_brackets,
          mainiacjoe_overflow_surrounded_room, fedhas_altar_fruit_tree,
          st_stairs_8

Skill      XL: |  1  2  3  4  5  6  7  8 |
---------------+-------------------------+-----
Fighting       | 4 5 |  5.1
Axes           | 3 4 5 6 |  6.7
Armour         | 4 5 6 |  6.2
Shields        | 5 6 |  6.0
Dodging        | 1 |  1.5
Stealth        | |  0.8

Action                     |  1- 3 |  4- 6 |  7- 9 || total
---------------------------+-------+-------+-------++-------
  Melee: War axe           |    20 |   127 |   297 ||   444
    Use: Scroll            |     1 |     8 |     3 ||    12
         Potion            |     2 |       |     6 ||     8
 Armour: Scale mail        |     7 |    70 |   122 ||   199
  Dodge: Dodged            |     8 |    69 |   135 ||   212
  Block: Buckler           |     7 |    46 |   110 ||   163
